Map: Abyssal Reef LE

Players

Elazer - Winner!

  • Race: Zerg Zerg
  • Spawn Location: 11:00

Cham

  • Race: Zerg Zerg
  • Spawn Location: 5:00

Event: WCS Jonkoping 2017

VOD

https://youtu.be/VyLdBmfBldI

Description

Time

  • Played on: June 19, 2017, 8:02 a.m.
  • Length: 10:08

All games in this series

Show
View Real Time Build Order
Export as new Build Order

Elazer Zerg - Winner!

Build Orders: Hatch First 

Get SALT Encoding   

  12  0:00  Drone  
  13  0:12  Overlord  
  13  0:17  Drone  
  14  0:30  Drone x2  
  14  0:34  Drone  
  17  0:52  Hatchery  
  17  0:54  Drone  
  17  0:57  Drone  
  17  1:01  Extractor  
  17  1:13  Spawning Pool  
  17  1:16  Drone  
  17  1:19  Drone  
  18  1:28  Drone  
  19  2:01  Zergling x6  
  22  2:03  Queen  
  22  2:08  Zergling x2  
  27  2:13  Zergling x2  
  28  2:18  Overlord  
  26  2:32  Hatchery  
  24  2:39  Drone  
  24  2:43  Drone x2  
  27  2:49  Drone  
  28  2:57  Overlord  
  28  3:05  Drone  
  29  3:15  Queen  
  29  3:17  Drone x3  
  34  3:23  Drone  
  35  3:33  Drone  
  36  3:45  Overlord  
  36  3:47  Drone x3  
  39  3:49  Drone  
  39  3:59  Drone  
  39  4:00  Drone  
  41  4:07  Hatchery  
  41  4:08  Lair  
  41  4:09  Drone  
  41  4:11  Drone  
  42  4:17  Evolution Chamber, Drone  
  42  4:18  Drone  
  42  4:20  Drone  
  44  4:26  Roach Warren  
  44  4:27  Drone  
  44  4:29  Drone  
  45  4:31  Drone  
  45  4:33  Drone  
  45  4:35  Extractor  
  45  4:37  Overlord  
  46  4:39  Drone  
  46  4:42  Drone  
  46  4:43  Extractor  
  46  4:45  Zerg Missile Weapons Level 1  
  46  4:47  Drone  
  46  4:50  Drone x2  
  47  5:01  Spine Crawler  
  47  5:05  Spine Crawler  
  47  5:06  Roach x3  
  51  5:08  Roach  
  51  5:09  Roach  
  51  5:12  Roach  
  57  5:16  Overlord  
  57  5:17  Roach  
  61  5:21  Roach  
  61  5:23  Roach  
  61  5:27  Ravager  
  61  5:28  Ravager x2  
  66  5:31  Overlord  
  66  5:36  Roach x3  
  72  5:44  Roach  
  74  5:55  Roach x2  
  73  6:03  Queen x2  
  73  6:05  Roach x5  
  81  6:15  Roach x2  
  82  6:19  Overlord  
  82  6:20  Overlord  
  82  6:21  Glial Reconstitution  
  72  6:34  Drone  
  72  6:35  Drone x6  
  75  6:41  Drone  
  75  6:46  Zerg Missile Weapons Level 2  
  74  6:49  Drone  
  75  6:55  Drone x2  
  75  6:56  Overseer  
  75  6:58  Drone  
  75  6:59  Drone  
  75  7:00  Drone  
  80  7:10  Overlord  
  80  7:11  Drone x4  
  80  7:14  Drone x2  
  86  7:17  Drone  
  86  7:19  Drone x2  
  86  7:21  Drone  
  86  7:22  Drone  
  91  7:27  Drone x3  
  94  7:33  Drone x2  
  94  7:35  Extractor  
  95  7:38  Ravager x2  
  95  7:39  Ravager  
  95  7:43  Overlord x2  
  100  7:44  Roach x3  
  100  7:48  Roach  
  106  7:53  Overlord  
  106  8:00  Overlord  
  106  8:02  Roach x4  
  106  8:03  Roach x2  
  118  8:08  Roach  
  118  8:12  Roach x4  
  128  8:19  Roach  
  132  8:20  Roach x2  
  132  8:26  Overlord x2  
  134  8:32  Roach x2  
  138  8:36  Hatchery  
  138  8:40  Overlord  
  138  8:41  Overlord  
  137  8:48  Roach x5  
  139  8:56  Roach x5  
  139  9:00  Overlord  
  139  9:01  Roach  
  151  9:04  Ravager, Roach  
  154  9:20  Roach  
  154  9:21  Roach x5  
  166  9:28  Roach  
  166  9:30  Roach x3  
  159  9:40  Roach  
  159  9:41  Roach x3  
  156  9:48  Roach x2  
Show
View Real Time Build Order
Export as new Build Order

Cham Zerg 

Build Orders: Pool First, Roach Nydus 

Get SALT Encoding   

  12  0:17  Spawning Pool  
  11  0:22  Drone  
  11  0:27  Drone  
  13  0:33  Drone  
  14  0:43  Overlord  
  14  1:04  Zergling x4  
  14  1:05  Zergling x2  
  17  1:16  Zergling x2  
  18  1:20  Hatchery  
  17  1:27  Zergling x2  
  18  1:35  Queen  
  20  1:42  Drone  
  21  1:48  Drone  
  22  1:59  Overlord  
  22  2:14  Extractor  
  21  2:17  Queen  
  22  2:29  Drone x2  
  23  2:31  Drone  
  23  2:36  Queen  
  26  2:38  Drone  
  26  2:42  Overlord  
  28  2:44  Drone  
  28  2:54  Drone x2  
  28  2:55  Drone  
  31  3:01  Queen  
  33  3:08  Overlord  
  33  3:19  Drone x3  
  36  3:26  Drone x3  
  38  3:29  Drone  
  38  3:33  Drone  
  40  3:41  Lair  
  40  3:43  Drone  
  40  3:45  Drone  
  42  3:52  Drone x3  
  42  3:54  Drone  
  45  3:57  Extractor  
  45  4:01  Overlord  
  44  4:02  Extractor  
  44  4:06  Roach Warren  
  44  4:07  Drone  
  43  4:10  Drone  
  43  4:13  Drone  
  43  4:16  Overlord  
  44  4:21  Drone  
  44  4:23  Drone  
  46  4:26  Overlord  
  46  4:29  Queen  
  48  4:46  Nydus Network, Roach x3  
  48  4:52  Overlord  
  53  4:56  Roach x3  
  59  5:04  Overlord  
  59  5:08  Roach x3  
  59  5:11  Overlord  
  65  5:22  Nydus Canal  
  65  5:23  Roach x2  
  65  5:28  Overlord  
  69  5:29  Roach  
  69  5:31  Roach  
  69  5:33  Roach  
  75  5:36  Roach  
  77  5:47  Roach x2  
  73  5:57  Nydus Canal  
  73  5:58  Queen  
  69  6:04  Roach  
  63  6:11  Roach x2  
  63  6:12  Drone x2  
  63  6:14  Extractor  
  63  6:18  Glial Reconstitution  
  62  6:20  Evolution Chamber  
  62  6:22  Drone x2  
  57  6:33  Roach x2  
  55  6:40  Roach x2  
  55  6:46  Queen, Spine Crawler  
  55  6:47  Spine Crawler, Zerg Missile Weapons Level 1  
  55  6:48  Roach  
  55  6:49  Drone  
  58  7:00  Drone  
  59  7:04  Ravager, Roach  
  59  7:06  Ravager  
  63  7:10  Roach  
  63  7:12  Hatchery  
  63  7:14  Overlord  
  63  7:15  Roach  
  66  7:16  Drone  
  66  7:21  Roach  
  71  7:23  Roach x2  
  75  7:31  Overlord  
  75  7:37  Roach  
  77  7:43  Drone x3  
  80  7:44  Roach  
  80  7:48  Overlord  
  80  7:50  Ravager x2  
  84  7:54  Drone x3  
  87  7:59  Overlord  
  87  8:06  Drone  
  87  8:09  Drone  
  87  8:17  Roach  
  89  8:22  Roach  
  89  8:25  Queen, Roach x2  
  97  8:27  Roach x3  
  97  8:29  Roach x3  
  97  8:32  Ravager x2  
  97  8:33  Roach  
  111  8:38  Roach x2  
  115  8:43  Roach  
  115  8:48  Ravager, Overlord  
  118  8:52  Roach  
  116  8:57  Nydus Canal  
  116  8:59  Roach, Overlord  
  116  9:00  Overlord x2  
  118  9:03  Overlord  
  118  9:05  Overlord x2  
  118  9:09  Overlord  
  118  9:15  Roach x2  
  120  9:18  Roach  
  120  9:19  Roach x2  
  122  9:25  Roach  
Tags
 
Add a new tag
Caveats
  • Supply blocks, unpowered buildings, or Contaminate may cause inaccurate times.
  • Supply counts are checked every 10 seconds.